[Event "Team 45 45 League T49"]
[Site "Internet Chess Club"]
[Date "2011.05.22"]
[Round "2"]
[White "juniorVishy"]
[Black "Achelous"]
[Result "0-1"]
[WhiteElo "1639"]
[BlackElo "1791"]
[Opening "King's Indian defense, 3.Nc3"]
[ECO "E61"]
[Time "16:00:22"]
[TimeControl "2700+45"]

1. d4 Nf6 2. c4 g6 3. Nc3 b6 4. e4 Bb7 5. f3 Bg7 6. Be3 O-O 7. Qd2 Na6 8. a3 c5
9. d5 e5 10. Bh6 Nxe4 11. Nxe4 Qh4+ 12. g3 Qxh6 13. Qxh6 Bxh6 14. Kf2 f5 15. Nd6
Rab8 16. Kg2 Ba8 17. Re1 Bg7 18. Ne2 Nc7 19. Nc3 a6 20. a4 Rf6 21. Ndb5 axb5 22.
axb5 d6 23. Bd3 Bb7 24. Ra1 Ra8 25. Rab1 Rff8 26. b3 e4 27. Na4 exd3 28. Nxb6
Ra2+ 29. Kh3 g5 30. Na4 Rf6 31. g4 Rh6+ 32. Kg3 f4# {White checkmated} 0-1

[Event "Team 45 45 League T49"]
[Site "Internet Chess Club"]
[Date "2011.05.21"]
[Round "2"]
[White "BaumDeezy"]
[Black "Mymas"]
[Result "1/2-1/2"]
[WhiteElo "1515"]
[BlackElo "1489"]
[Opening "English: symmetrical variation"]
[ECO "A30"]
[Time "14:09:43"]
[TimeControl "2700+45"]

1. c4 c5 2. g3 Nf6 3. Bg2 g6 4. Nc3 Bg7 5. d3 d6 6. Nh3 Nc6 7. O-O O-O 8. Nf4
Rb8 9. Nfd5 Nxd5 10. Nxd5 a6 11. Rb1 b5 12. cxb5 axb5 13. Be3 Be6 14. Nc3 Qd7
15. Qd2 b4 16. Nd5 Qa7 17. Nf4 Bd7 {Game drawn by mutual agreement} 1/2-1/2

[Event "Team 45 45 League T49"]
[Site "Internet Chess Club"]
[Date "2011.05.23"]
[Round "2"]
[White "kingsrook"]
[Black "cys456"]
[Result "1/2-1/2"]
[WhiteElo "1302"]
[BlackElo "1445"]
[Opening "Colle system"]
[ECO "D05"]
[Time "16:58:31"]
[TimeControl "2700+45"]

1. d4 d5 2. Nf3 Nf6 3. e3 e6 4. Bd3 c5 5. c3 c4 6. Bc2 Nc6 7. Nbd2 Bd6 8. O-O
O-O 9. Re1 Re8 10. e4 Bc7 11. e5 Nd7 12. Nf1 f6 13. exf6 Qxf6 14. Ng3 Bxg3 15.
hxg3 h6 16. g4 g5 17. Be3 Nb6 18. Qd2 Bd7 19. Re2 Rad8 20. Rae1 Re7 21. Nxg5
hxg5 22. Bxg5 Qf7 23. Bxe7 Qxe7 24. Qh6 Qg7 25. Qh4 Rf8 26. Re3 Rf6 27. g5 Rf8
28. Rh3 e5 29. Qh7+ Qxh7 30. Rxh7 e4 31. Rh5 Kg7 32. f3 exf3 33. Rh7+ Kg8 34.
gxf3 Rxf3 35. Kh2 Rf2+ 36. Kg3 Rxc2 37. g6 Rxb2 38. Reh1 Bf5 39. Rh8+ Kg7 40.
R1h7+ Kxg6 41. Rh6+ Kg7 42. Kf4 Be4 43. Rh4 Rf2+ 44. Kg3 Rg2+ 45. Kh3 Rxa2 46.
R8h5 Ra3 47. Rg4+ Kf6 48. Rf4+ Kg6 49. Kh4 Rxc3 50. Rg5+ Kh6 51. Rh5+ Kg6 52.
Rg5+ Kh6 53. Rh5+ Kg6 54. Rg5+ Kh6 55. Rh5+ {Game drawn by repetition} 1/2-1/2

[Event "Team 45 45 League T49"]
[Site "Internet Chess Club"]
[Date "2011.05.22"]
[Round "2"]
[White "BigH"]
[Black "zepled37"]
[Result "1-0"]
[WhiteElo "1839"]
[BlackElo "1629"]
[Opening "English opening"]
[ECO "A13"]
[Time "09:22:43"]
[TimeControl "2700+45"]

1. c4 e6 2. g3 d5 3. Bg2 Nf6 4. Nf3 c5 5. O-O Nc6 6. b3 Be7 7. Bb2 O-O 8. e3 Re8
9. Nc3 d4 10. exd4 Nxd4 11. Nxd4 Qxd4 12. Qc2 Rd8 13. Rad1 Rb8 14. Nb5 Qd3 15.
Qxd3 Rxd3 16. Be5 Ra8 17. Nc7 Nd7 18. Bf4 e5 19. Rfe1 f6 20. Nxa8 Bd8 21. Be3 f5
22. f4 e4 23. Bf1 Rd6 24. d4 cxd4 25. Rxd4 Rxd4 26. Bxd4 b6 27. Rd1 Kf7 28. Be5
Nxe5 29. Rxd8 Nf3+ 30. Kf2 Be6 31. Nc7 Nxh2 32. Be2 {Black resigns} 1-0

[Event "Team 45 45 League T49"]
[Site "Internet Chess Club"]
[Date "2011.05.22"]
[Round "2"]
[White "bmw2002"]
[Black "Nakke"]
[Result "0-1"]
[WhiteElo "1575"]
[BlackElo "1820"]
[Opening "English, 1...Nf6 (Anglo-Indian defense)"]
[ECO "A15"]
[Time "18:05:54"]
[TimeControl "2700+45"]

1. c4 Nf6 2. g3 b6 3. Bg2 Nc6 4. Nf3 Bb7 5. O-O e6 6. Nc3 Be7 7. d4 O-O 8. a3
Na5 9. Qd3 d5 10. cxd5 Nxd5 11. b4 Nb3 12. Rb1 Nxc1 13. Rfxc1 c6 14. Ne4 a5 15.
b5 cxb5 16. Qxb5 Bxa3 17. Rc2 Nb4 18. Rc3 Bxe4 19. Rd1 Bc2 20. Rd2 Bb2 21. Rcxc2
Nxc2 22. Rxc2 Bxd4 23. Rd2 e5 24. e3 a4 25. exd4 e4 26. Ne5 a3 27. Qc4 b5 28.
Qb3 Qa5 29. Ra2 Qa4 30. Qe3 Qd1+ 31. Bf1 b4 32. Rd2 Qb1 33. Kg2 a2 34. Bc4 a1=Q
35. Bd5 Qf1# {White checkmated} 0-1

[Event "Team 45 45 League T49"]
[Site "Internet Chess Club"]
[Date "2011.05.24"]
[Round "2"]
[White "IanT"]
[Black "BrerRabbit"]
[Result "1-0"]
[WhiteElo "1372"]
[BlackElo "1494"]
[Opening "Pirc: classical (two knights) system"]
[ECO "B08"]
[Time "07:37:26"]
[TimeControl "2700+45"]

1. e4 d6 2. d4 Nf6 3. Nc3 g6 4. Nf3 Bg7 5. Be3 a6 6. Bd3 b5 7. a3 O-O 8. O-O Bb7
9. Qd2 Nc6 10. Bh6 e5 11. dxe5 dxe5 12. Bxg7 Kxg7 13. Rfe1 Qe7 14. Rad1 Rad8 15.
Qe3 Ng4 16. Qe2 Nf6 17. h3 Nd4 18. Nxd4 Rxd4 19. Qe3 Rfd8 20. Ne2 R4d6 21. Ng3
Rd4 22. Qg5 Kh8 23. Ne2 R4d7 24. Qg3 Bxe4 25. Nc3 Bxd3 26. cxd3 e4 27. dxe4 Rxd1
28. Rxd1 Rxd1+ 29. Nxd1 Nxe4 30. Qe3 Qe6 31. Qa7 Qb6 32. Qa8+ Kg7 33. Qxe4
{Black resigns} 1-0

[Event "Team 45 45 League T49"]
[Site "Internet Chess Club"]
[Date "2011.05.22"]
[Round "2"]
[White "AlPearson"]
[Black "dabodhi"]
[Result "1-0"]
[WhiteElo "1423"]
[BlackElo "1202"]
[Opening "English, 1...Nf6 (Anglo-Indian defense)"]
[ECO "A15"]
[Time "19:06:33"]
[TimeControl "2700+45"]

1. c4 Nf6 2. g3 c6 3. Bg2 d5 4. cxd5 cxd5 5. Qa4+ Nc6 6. d3 Bg4 7. Nc3 a6 8.
Nxd5 Nxd5 9. Qxg4 Qa5+ 10. Bd2 Ndb4 11. Bxc6+ bxc6 12. Qxb4 Qd5 13. Nf3 e6 14.
Qb7 Rd8 15. O-O Bd6 16. Rfc1 O-O 17. Qxc6 Qh5 18. Qxa6 f5 19. Qc4 Rde8 20. Bb4
Bxb4 21. Qxb4 e5 22. Qh4 Qg6 23. Rc7 e4 24. dxe4 Rxe4 25. Qg5 Qxg5 26. Nxg5 Rxe2
27. Rd1 h6 28. Rdd7 Re1+ 29. Kg2 hxg5 30. Rxg7+ Kh8 31. Rh7+ Kg8 32. Rcg7#
{Black checkmated} 1-0

[Event "Team 45 45 League T49"]
[Site "Internet Chess Club"]
[Date "2011.05.20"]
[Round "2"]
[White "Geeloo"]
[Black "spacecadet"]
[Result "0-1"]
[WhiteElo "2080"]
[BlackElo "2111"]
[Opening "Sicilian: accelerated fianchetto, modern variation with Bc4"]
[ECO "B35"]
[Time "16:00:56"]
[TimeControl "2700+45"]

1. e4 c5 2. Nf3 g6 3. d4 cxd4 4. Nxd4 Nc6 5. Be3 Nf6 6. Nc3 Bg7 7. Bc4 O-O 8.
Bb3 a5 9. f3 d5 10. Bxd5 Nxd5 11. Nxd5 f5 12. Nxc6 bxc6 13. Nb6 Rb8 14. Qxd8
Rxd8 15. Nxc8 Rdxc8 16. exf5 gxf5 17. O-O Rxb2 18. Rad1 Rxa2 19. Rd7 Ra8 20.
Rxe7 Rxc2 21. Rd1 a4 22. Rdd7 Bf6 23. Rf7 a3 24. Ra7 Rxa7 25. Rxa7 a2 {White
resigns} 0-1

[Event "Team 45 45 League T49"]
[Site "Internet Chess Club"]
[Date "2011.05.20"]
[Round "2"]
[White "Cryptochess"]
[Black "bogolijubov"]
[Result "1/2-1/2"]
[WhiteElo "2081"]
[BlackElo "1848"]
[Opening "Réti: King's Indian attack"]
[ECO "A05"]
[Time "20:13:01"]
[TimeControl "2700+45"]

1. Nf3 Nf6 2. g3 g6 3. Bg2 Bg7 4. O-O d5 5. d3 O-O 6. Nbd2 Nc6 7. e4 d4 8. a4
Bg4 9. h3 Bd7 10. Nc4 Ne8 11. e5 Qc8 12. g4 h5 13. gxh5 Bxh3 14. Bf4 Qg4 15. Bg3
gxh5 16. Re1 f5 17. Bxh3 Qxh3 18. Ng5 Qg4 19. Ne6 Rf7 20. Qxg4 fxg4 21. Re4 Nb4
{Game drawn by mutual agreement} 1/2-1/2

[Event "Team 45 45 League T49"]
[Site "Internet Chess Club"]
[Date "2011.05.22"]
[Round "2"]
[White "spunni"]
[Black "DARKwizard1"]
[Result "1-0"]
[WhiteElo "1883"]
[BlackElo "1922"]
[Opening "Three knights: Steinitz variation"]
[ECO "C46"]
[Time "10:31:13"]
[TimeControl "2700+45"]

1. e4 Nc6 2. Nf3 e5 3. Nc3 g6 4. d4 exd4 5. Nxd4 Bg7 6. Be3 Nge7 7. Qd2 d5 8.
Nxc6 bxc6 9. Bd4 f6 10. Bc5 O-O 11. O-O-O Be6 12. exd5 cxd5 13. Re1 Qd7 14. Qe3
Kf7 15. Bb5 c6 16. Qxe6+ Qxe6 17. Rxe6 Bh6+ 18. Kb1 Kxe6 19. Re1+ Kf5 20. Bd3+
Kg5 21. Rxe7 Rfe8 22. Be3+ {Black resigns} 1-0

[Event "Team 45 45 League T49"]
[Site "Internet Chess Club"]
[Date "2011.05.20"]
[Round "2"]
[White "gerailen0075"]
[Black "tsia68"]
[Result "1-0"]
[WhiteElo "1923"]
[BlackElo "1902"]
[Opening "Caro-Kann: classical, Maróczy attack"]
[ECO "B18"]
[Time "17:04:03"]
[TimeControl "2700+45"]

1. e4 c6 2. d4 d5 3. Nc3 dxe4 4. Nxe4 Bf5 5. Ng3 Bg6 6. f4 e6 7. Bd3 Qxd4 8. Nf3
Bb4+ 9. Bd2 Qe3+ 10. Be2 Bxd2+ 11. Qxd2 Qxd2+ 12. Kxd2 Nd7 13. Rad1 O-O-O 14. c4
c5 15. Kc3 Ngf6 16. Nh4 Ne4+ 17. Nxe4 Bxe4 18. Nf3 f6 19. Rhg1 Nb8 20. Nd2 Bg6
21. Nb3 b6 22. Bg4 Rhe8 23. Nc1 Nc6 24. Ne2 Kc7 25. h4 Rxd1 26. Rxd1 Rd8 27.
Rxd8 Nxd8 28. Bf3 Kd6 29. Kd2 e5 30. g3 Ne6 31. Bd5 Nd4 32. Nc3 h6 33. a3 Bf5
34. Ke3 Bc2 35. Ne4+ Bxe4 36. Kxe4 g5 37. fxe5+ fxe5 38. hxg5 hxg5 39. g4 a6 40.
Bb7 a5 41. Bd5 Ne6 42. Bxe6 Kxe6 43. a4 Kf6 44. Kd5 e4 45. Kxe4 Ke6 46. b3 Kf6
47. Kd5 Kf7 48. Ke5 {Black resigns} 1-0

[Event "Team 45 45 League T49"]
[Site "Internet Chess Club"]
[Date "2011.05.23"]
[Round "2"]
[White "Justi"]
[Black "JustinSane"]
[Result "0-1"]
[WhiteElo "2126"]
[BlackElo "2026"]
[Opening "Queen's pawn game"]
[ECO "A46"]
[Time "16:41:53"]
[TimeControl "2700+45"]

1. d4 Nf6 2. Nf3 e6 3. Bf4 Be7 4. e3 Nh5 5. Bg3 Nxg3 6. hxg3 c5 7. c3 Qb6 8. Qc2
d5 9. Nbd2 h6 10. Bd3 Nc6 11. O-O O-O 12. dxc5 Bxc5 13. Nb3 Be7 14. e4 dxe4 15.
Bxe4 Bd7 16. Rad1 Rfd8 17. Qe2 Be8 18. Bb1 a5 19. Qc2 g6 20. Nbd4 Bf6 21. Ne2
Rac8 22. Nf4 e5 23. Ne2 Nd4 24. Nexd4 exd4 25. c4 Qb4 26. Nd2 d3 27. Qb3 Bxb2
28. Bxd3 Qxb3 29. Nxb3 a4 30. Na5 b6 31. Nb7 Rd7 32. Be4 Rxc4 33. Nd6 Rxd6 34.
Rxd6 Rxe4 35. Rxb6 a3 36. Rb8 Kg7 37. Rd1 Re7 38. Rdd8 Bd7 39. Rb7 Re1+ 40. Kh2
Be6 41. Re8 Re5 42. Reb8 Bxa2 43. Rxb2 axb2 44. Rxb2 Be6 45. Rd2 Re1 46. Rb2 Kf6
47. Rd2 Ke5 48. f3 h5 49. Rd3 Bd5 50. Ra3 Kd4 51. Ra4+ Ke3 52. Rb4 Kf2 53. Rd4
Be6 54. Rb4 Re2 55. Rb1 Rc2 56. g4 hxg4 57. fxg4 Bxg4 58. Rb4 Be6 59. Rf4+ Ke3
60. Rf3+ Ke4 61. Rf1 Bd5 62. Kh3 Ke3 63. Re1+ Kf2 64. Re7 Bxg2+ 65. Kh2 Bd5 66.
Rd7 Be6 67. Rd3 g5 68. Ra3 g4 69. Rd3 f5 70. Ra3 f4 71. Kh1 Rc1+ {White resigns}
0-1

[Event "Team 45 45 League T49"]
[Site "Internet Chess Club"]
[Date "2011.05.22"]
[Round "2"]
[White "Malcolm"]
[Black "jorobo"]
[Result "0-1"]
[WhiteElo "1740"]
[BlackElo "1990"]
[Opening "Sicilian: closed"]
[ECO "B24"]
[Time "11:45:20"]
[TimeControl "2700+45"]

1. Nc3 c5 2. e4 Nc6 3. g3 g6 4. Bg2 Bg7 5. d3 e6 6. Be3 d6 7. Qd2 Rb8 8. Nf3 Nd4
9. Bxd4 cxd4 10. Nb5 Qb6 11. Qb4 Kd7 12. e5 dxe5 13. Nd2 Ne7 14. Nc4 Qa6 15. Nc7
Kxc7 16. Qxe7+ Bd7 17. Qxf7 Rhg8 18. Qe7 Rbd8 19. Nxe5 Qa5+ {White resigns} 0-1

[Event "Team 45 45 League T49"]
[Site "Internet Chess Club"]
[Date "2011.05.23"]
[Round "2"]
[White "cesaralexander"]
[Black "fileman"]
[Result "1/2-1/2"]
[WhiteElo "1898"]
[BlackElo "1899"]
[Opening "Queen's pawn: Lundin (Kevitz-Mikenas) defense"]
[ECO "A40"]
[Time "16:33:28"]
[TimeControl "2700+45"]

1. d4 Nc6 2. c4 e5 3. e3 exd4 4. exd4 Bb4+ 5. Nc3 d5 6. Nf3 Bg4 7. Be2 Nge7 8.
a3 Bxc3+ 9. bxc3 dxc4 10. Bxc4 O-O 11. O-O Nd5 12. Bd2 Nb6 13. Be2 Re8 14. a4 a6
15. Re1 {Game drawn by mutual agreement} 1/2-1/2

[Event "Team 45 45 League T49"]
[Site "Internet Chess Club"]
[Date "2011.05.23"]
[Round "2"]
[White "rubo"]
[Black "azbycx"]
[Result "1-0"]
[WhiteElo "1757"]
[BlackElo "1799"]
[Opening "Bird's opening"]
[ECO "A03"]
[Time "23:00:14"]
[TimeControl "2700+45"]

1. f4 d5 2. Nf3 Nf6 3. e3 g6 4. b3 Bg7 5. Bb2 O-O 6. Be2 c5 7. Na3 Nc6 8. O-O a6
9. c4 dxc4 10. Nxc4 b5 11. Nce5 Bb7 12. Nxc6 Bxc6 13. Ne5 Bb7 14. Qc2 Rc8 15.
Rac1 Qd6 16. Bf3 Bxf3 17. Rxf3 Nd5 18. a3 Rfd8 19. Rf2 h5 20. Nf3 Nf6 21. Ne5
Nd7 22. Nxd7 Rxd7 23. d4 Rdc7 24. Qd1 cxd4 25. Rxc7 Rxc7 26. Rd2 e5 27. g3 exf4
28. gxf4 Rd7 29. Bxd4 Qxa3 30. Bxg7 Rxd2 31. Qxd2 Kxg7 32. Qd4+ Kg8 33. b4 Qc1+
34. Kg2 Qc4 35. Qxc4 bxc4 36. Kf3 c3 37. Ke2 c2 38. Kd2 c1=Q+ 39. Kxc1 h4 40. h3
f6 41. Kd2 Kf7 42. Kd3 Ke6 43. e4 g5 44. fxg5 fxg5 45. Ke3 Ke5 46. Kf3 Kd4 47.
Kg4 Kxe4 48. Kxg5 Kf3 49. Kxh4 Kf4 50. Kh5 Kf5 51. h4 Kf6 52. Kg4 Kg6 53. h5+
Kh6 54. Kh4 Kg7 55. Kg5 Kh7 56. h6 Kg8 57. Kg6 Kh8 58. h7 a5 59. b5 {Black
resigns} 1-0

[Event "Team 45 45 League T49"]
[Site "Internet Chess Club"]
[Date "2011.05.25"]
[Round "2"]
[White "SlimeDog2"]
[Black "Tobiasdelmonte"]
[Result "1-0"]
[WhiteElo "2046"]
[BlackElo "1923"]
[Opening "QGD semi-Slav: Chigorin defense"]
[ECO "D46"]
[Time "00:01:45"]
[TimeControl "2700+45"]

1. d4 d5 2. Nf3 Nf6 3. c4 c6 4. Nc3 e6 5. e3 Nbd7 6. Bd3 Bd6 7. O-O O-O 8. e4
dxe4 9. Nxe4 Nxe4 10. Bxe4 Nf6 11. Bc2 h6 12. b3 Qc7 13. Bb2 Re8 14. Re1 Bd7 15.
Ne5 c5 16. Qd3 cxd4 17. Bxd4 Rad8 18. Ng4 e5 19. Nxf6+ gxf6 20. Qh7+ Kf8 21. f4
Bc5 22. Bxc5+ Qxc5+ 23. Kh1 Qd4 24. Qxh6+ Ke7 25. fxe5 fxe5 26. Rad1 Qc3 27.
Qd6# {Black checkmated} 1-0

[Event "Team 45 45 League T49"]
[Site "Internet Chess Club"]
[Date "2011.05.20"]
[Round "2"]
[White "GreatBendini"]
[Black "dacarrelli"]
[Result "1-0"]
[WhiteElo "1896"]
[BlackElo "1639"]
[Opening "Caro-Kann: Tartakower (fantasy) variation"]
[ECO "B12"]
[Time "22:05:08"]
[TimeControl "2700+45"]

1. e4 c6 2. d4 d5 3. f3 dxe4 4. fxe4 e5 5. Nf3 Bg4 6. Bc4 Nd7 7. c3 b5 8. Be2
Ngf6 9. O-O Bd6 10. a4 a6 11. Bg5 Qb8 12. h3 Bh5 13. axb5 cxb5 14. Nbd2 Bg6 15.
dxe5 Bc5+ 16. Kh1 Nxe4 17. Nxe4 Bxe4 18. Bd3 Bxd3 19. Qxd3 Nb6 20. b4 Bf8 21.
Rxa6 Nc4 22. Rxa8 Qxa8 23. Rd1 {Black resigns} 1-0

[Event "Team 45 45 League T49"]
[Site "Internet Chess Club"]
[Date "2011.05.25"]
[Round "2"]
[White "Rubikon81"]
[Black "Killian"]
[Result "1-0"]
[WhiteElo "1733"]
[BlackElo "1840"]
[Opening "Sicilian defense"]
[ECO "B30"]
[Time "16:07:18"]
[TimeControl "2700+45"]

1. e4 c5 2. Nf3 Nc6 3. Nc3 e6 4. Bb5 Nd4 5. Be2 a6 6. d3 g6 7. O-O Bg7 8. Bf4
Qa5 9. Nd2 Nxe2+ 10. Qxe2 Bxc3 11. Nc4 Qd8 12. bxc3 f6 13. e5 d5 14. exd6 b5 15.
Nd2 Qd7 16. Ne4 e5 17. Be3 Rb8 18. Bxc5 Kf7 19. f4 exf4 20. Rxf4 Bb7 21. Nxf6
{Black resigns} 1-0

[Event "Team 45 45 League T49"]
[Site "Internet Chess Club"]
[Date "2011.05.21"]
[Round "2"]
[White "Gilguli"]
[Black "BotanicalKnight"]
[Result "0-1"]
[WhiteElo "1464"]
[BlackElo "1633"]
[Opening "Dutch"]
[ECO "A80"]
[Time "10:31:49"]
[TimeControl "2700+45"]

1. d4 f5 2. Nf3 e6 3. c4 Nf6 4. Nc3 Be7 5. Bf4 d5 6. e3 O-O 7. Rc1 c6 8. cxd5
exd5 9. Bd3 Ne4 10. O-O Nd7 11. Ne1 g5 12. Be5 Nxe5 13. dxe5 g4 14. f3 Ng5 15.
f4 Ne4 16. Nxe4 fxe4 17. Be2 h5 18. Nc2 Qe8 19. g3 Qg6 20. Nd4 Kg7 21. Qe1 c5
22. Nb3 b6 23. Rd1 Be6 24. a4 h4 25. a5 d4 26. exd4 Bxb3 27. Rd2 cxd4 28. a6 Bb4
29. Qc1 Bxd2 30. Qxd2 hxg3 31. Qxd4 gxh2+ 32. Kh1 Rad8 33. Qc3 Be6 34. Qc7+ Rd7
35. Qc6 g3 36. Kg2 Qh6 37. Rd1 {White resigns} 0-1

[Event "Team 45 45 League T49"]
[Site "Internet Chess Club"]
[Date "2011.05.19"]
[Round "2"]
[White "playwaycool"]
[Black "cityprosecutor"]
[Result "1-0"]
[WhiteElo "2066"]
[BlackElo "1755"]
[Opening "Trompowsky attack (Ruth, Opocenský opening)"]
[ECO "A45"]
[Time "23:08:09"]
[TimeControl "2700+45"]

1. d4 Nf6 2. Bg5 c5 3. Bxf6 exf6 4. d5 f5 5. Nd2 d6 6. e3 a6 7. a4 g6 8. a5 Bg7
9. Nc4 O-O 10. g3 Nd7 11. c3 Qc7 12. Bg2 b5 13. axb6 Nxb6 14. Na5 Bd7 15. Ne2
Bb5 16. O-O Nc4 17. Nxc4 Bxc4 18. Qd2 Rfb8 19. Rfb1 Bxe2 20. Qxe2 a5 21. h4 h5
22. Qc4 Ra7 23. Ra2 Rab7 24. Bf1 Qb6 25. b3 Bf6 26. Bd3 Kg7 27. Bc2 Qb5 28. Qxb5
Rxb5 29. c4 R5b6 30. Rxa5 Bc3 31. Ra2 Kf6 32. Kf1 Ke7 33. Ke2 Kd7 34. Kd3 Bf6
35. Re1 R6b7 36. Ra3 Bb2 37. Ra2 Bf6 38. Re2 Re8 39. Bd1 Kc7 40. Ra4 Bg7 41.
Rea2 Reb8 42. Bc2 Kd7 43. Ra6 Bf6 44. Bd1 Bg7 45. Ra7 Bf6 46. Kc2 Bg7 47. Be2
Kc7 48. Rxb7+ Rxb7 49. Bd3 Bf6 50. Be2 Bg7 51. Bd1 Bf6 52. Kd3 Kb6 53. f3 Ra7
54. Rxa7 Kxa7 55. Be2 Kb7 56. Bf1 Kc7 57. Bh3 Be5 58. f4 Bf6 59. e4 fxe4+ 60.
Kxe4 Kb6 61. Bd7 Kc7 62. Be8 {Black resigns} 1-0

[Event "Team 45 45 League T49"]
[Site "Internet Chess Club"]
[Date "2011.05.18"]
[Round "2"]
[White "dschesq"]
[Black "ChessAuthor"]
[Result "0-1"]
[WhiteElo "1680"]
[BlackElo "1741"]
[Opening "Bogo-Indian defense, Grünfeld variation"]
[ECO "E11"]
[Time "21:00:26"]
[TimeControl "2700+45"]

1. d4 Nf6 2. c4 e6 3. Nf3 Bb4+ 4. Nbd2 c5 5. a3 Bxd2+ 6. Qxd2 b6 7. d5 d6 8. Ng5
exd5 9. cxd5 O-O 10. e3 a6 11. b4 Bb7 12. bxc5 dxc5 13. d6 h6 14. Nf3 Ne4 15.
Qc2 Qxd6 16. Bd3 Re8 17. Bb2 b5 18. Rd1 Qe7 19. O-O c4 20. Be2 Nd7 21. a4 Ndc5
22. axb5 axb5 23. Nd4 Qg5 24. Bf3 Nd3 25. Rxd3 cxd3 26. Qxd3 Ra2 27. Qb3 Nd2 28.
Qxa2 Nxf3+ 29. Nxf3 Bxf3 30. g3 Qf5 31. Ra1 Qh3 32. Qxf7+ Kxf7 33. Ra7+ Re7 34.
Rxe7+ Kxe7 35. Bf6+ Kxf6 {White resigns} 0-1

[Event "Team 45 45 League T49"]
[Site "Internet Chess Club"]
[Date "2011.05.18"]
[Round "2"]
[White "SidVicious"]
[Black "Kawasaki"]
[Result "1/2-1/2"]
[WhiteElo "1774"]
[BlackElo "1662"]
[Opening "English: Caro-Kann defensive system"]
[ECO "A11"]
[Time "17:00:57"]
[TimeControl "2700+45"]

1. c4 c6 2. Nc3 d5 3. cxd5 cxd5 4. d3 Nf6 5. e3 e5 6. Nf3 Nc6 7. Be2 Be7 8. O-O
O-O 9. b3 d4 10. exd4 exd4 11. Ne4 Nxe4 12. dxe4 Re8 13. Bb5 a6 14. Bxc6 bxc6
15. Bb2 c5 16. Rc1 Bg4 17. Qd3 Bxf3 18. Qxf3 Qa5 19. Rc2 Rad8 20. Qd3 Qb5 21.
Rd1 Qxd3 22. Rxd3 Bd6 23. f3 h5 24. h3 g5 25. Kf2 h4 26. Rc4 Rc8 27. Ba3 f5 28.
Rc1 fxe4 29. fxe4 Rxe4 30. Rf3 Bg3+ 31. Kg1 Re1+ 32. Rxe1 Bxe1 33. Rf5 Bd2 34.
Bxc5 d3 35. b4 a5 36. a3 Bc1 37. Kf2 Bxa3 38. Rxg5+ Kf7 39. Rg4 Bxb4 40. Bxb4
axb4 41. Ke3 Rd8 42. Kd2 b3 43. Rxh4 Kf6 44. Rb4 Rg8 45. g4 Rh8 46. Kxd3 Rxh3+
47. Ke2 Kg5 48. Kf2 Rc3 49. Kg2 Rc2+ 50. Kg3 Rc3+ 51. Kg2 Rc2+ 52. Kf3 Rc3+ 53.
Ke2 Rc2+ 54. Kd3 Rc5 55. Kd2 Rc2+ 56. Kd1 Rc5 57. Rxb3 {Game drawn by mutual
agreement} 1/2-1/2

[Event "Team 45 45 League T49"]
[Site "Internet Chess Club"]
[Date "2011.05.20"]
[Round "2"]
[White "jps7"]
[Black "alonzob"]
[Result "1-0"]
[WhiteElo "1729"]
[BlackElo "1514"]
[Opening "Queen's pawn game"]
[ECO "D02"]
[Time "19:31:06"]
[TimeControl "2700+45"]

1. d4 d5 2. Nf3 Bg4 3. Ne5 Nf6 4. c4 c6 5. Qb3 Qc7 6. Bf4 Qa5+ 7. Nc3 Bc8 8. e3
g6 9. cxd5 Nxd5 10. Bc4 e6 11. O-O Bg7 12. Nxd5 cxd5 13. Bb5+ Ke7 14. Rac1 Bxe5
15. Bxe5 Rd8 16. Bc7 Qb6 17. Bxb6 {Black resigns} 1-0

[Event "Team 45 45 League T49"]
[Site "Internet Chess Club"]
[Date "2011.05.22"]
[Round "2"]
[White "OOB1"]
[Black "mongmong"]
[Result "1-0"]
[WhiteElo "1490"]
[BlackElo "1603"]
[Opening "French: advance, Milner-Barry gambit"]
[ECO "C02"]
[Time "21:07:24"]
[TimeControl "2700+45"]

1. e4 e6 2. d4 d5 3. e5 c5 4. c3 Nc6 5. Nf3 Qb6 6. Bd3 Bd7 7. Bc2 cxd4 8. cxd4
Nb4 9. Nc3 Nxc2+ 10. Qxc2 Bb4 11. O-O Rc8 12. a3 Bxc3 13. bxc3 Qc7 14. Bd2 Bb5
15. Rfc1 Bc4 16. Be3 Ne7 17. Qa4+ Qc6 18. Qxa7 Ba6 19. Nd2 O-O 20. Nb3 Nf5 21.
Bd2 Ra8 22. Qc5 Qd7 23. Qb4 Ne7 24. Nc5 Qc8 25. Nxa6 Rxa6 26. Qxe7 Ra4 27. Rcb1
Qc4 28. Qxb7 Qd3 29. Qb2 h6 30. h3 Raa8 31. Rc1 Rab8 32. Qc2 Qc4 33. Qd1 Rb2 34.
Rcb1 Rfb8 35. Rxb2 Rxb2 36. Qc1 Rb8 37. Rb1 Ra8 38. Rb4 Qd3 39. Be3 g6 40. Bxh6
Kh7 41. Be3 Kg7 42. Bg5 Rc8 43. Bf6+ Kf8 44. Rb3 Ke8 45. Kh2 Qe4 46. Rb7 Qf4+
47. Qxf4 {Black resigns} 1-0

[Event "Team 45 45 League T49"]
[Site "Internet Chess Club"]
[Date "2011.05.23"]
[Round "2"]
[White "seattleblues"]
[Black "MateIn42"]
[Result "1-0"]
[WhiteElo "1477"]
[BlackElo "1417"]
[Opening "Alekhine's defense: modern variation"]
[ECO "B04"]
[Time "21:03:23"]
[TimeControl "2700+45"]

1. e4 Nf6 2. e5 Nd5 3. d4 d6 4. Nf3 Nc6 5. Bc4 dxe5 6. dxe5 Be6 7. O-O Ne3 8.
Qxd8+ Rxd8 9. Bxe6 Nxf1 10. Bc4 Ng3 11. Nc3 Nf5 12. Bf4 Nfd4 13. Nd5 Nxf3+ 14.
gxf3 e6 15. Nxc7+ Kd7 16. Nb5 Kc8 17. Bg5 Rd7 18. Re1 Nxe5 19. Rxe5 Rd1+ 20. Kg2
f6 21. Rxe6 fxg5 22. Re8+ Kd7 23. Rb8 Rd2 24. Rxb7+ Kc6 25. Rc7+ Kb6 26. a4 a6
27. a5+ Kxa5 28. Na3 Kb6 29. Rc8 g6 30. Bd3 Bg7 31. Nc4+ Kb7 32. Rxh8 Rxd3 33.
Rxh7 Rd7 34. Ne5 Kc7 35. Nxd7 {Black resigns} 1-0

[Event "Team 45 45 League T49"]
[Site "Internet Chess Club"]
[Date "2011.05.22"]
[Round "2"]
[White "Visin"]
[Black "MichaelJames"]
[Result "1-0"]
[WhiteElo "1265"]
[BlackElo "1357"]
[Opening "Four knights: Scotch, 4...exd4"]
[ECO "C47"]
[Time "12:09:28"]
[TimeControl "2700+45"]

1. e4 e5 2. Nf3 Nc6 3. Nc3 Nf6 4. d4 exd4 5. Nxd4 Bc5 6. Nxc6 bxc6 7. Bg5 d6 8.
Be2 O-O 9. O-O Re8 10. Bf3 Bb7 11. a3 Qe7 12. Na4 Bb6 13. b4 Qe5 14. Bxf6 Qxf6
15. Re1 Bd4 16. Rc1 Be5 17. c4 Rad8 18. Qb3 Rb8 19. c5 Kh8 20. Rc2 Qf4 21. g3
Qf6 22. Nb2 a5 23. Nd3 Qxf3 24. Re3 Qf6 25. Nxe5 dxe5 26. Rf3 Qe6 27. Qxe6 fxe6
28. Rd2 axb4 29. axb4 Ba6 30. Rd7 Rf8 31. Rxf8+ Rxf8 32. Rxc7 Bb5 33. Re7 Bc4
34. Rc7 Bb5 35. Re7 h6 36. Rxe6 Rd8 37. Rd6 Rxd6 38. cxd6 c5 39. bxc5 Kg8 40. f4
exf4 41. gxf4 Kf7 42. Kf2 Ke6 43. Ke3 Kd7 44. h4 Bc6 45. e5 g6 46. Kf2 Ke6 47.
Kg3 Kf5 48. h5 gxh5 49. Kh4 Kg6 50. e6 Kf5 51. d7 Kxe6 52. d8=Q Bf3 {Black
resigns} 1-0

[Event "Team 45 45 League T49"]
[Site "Internet Chess Club"]
[Date "2011.05.23"]
[Round "2"]
[White "Conjurer"]
[Black "reverendjim"]
[Result "1-0"]
[WhiteElo "1340"]
[BlackElo "1322"]
[Opening "QGD Slav: Slav gambit"]
[ECO "D15"]
[Time "22:02:15"]
[TimeControl "2700+45"]

1. c4 c6 2. Nc3 d5 3. d4 Nf6 4. Nf3 dxc4 5. e4 b5 6. Be2 b4 7. e5 Nd5 8. Ne4 Bf5
9. Ng3 Bd3 10. Bxd3 cxd3 11. Qxd3 e6 12. O-O Be7 13. Bd2 O-O 14. Rac1 Qb6 15.
Ng5 Bxg5 16. Bxg5 Nd7 17. Ne4 Qa5 18. a3 bxa3 19. bxa3 Rac8 20. Nc5 N7b6 21. Rc2
Qb5 22. Rfc1 h6 23. Bd2 Qxd3 24. Nxd3 g5 25. Rxc6 Rxc6 26. Rxc6 Rc8 27. Rc1
Rxc1+ 28. Nxc1 Nc4 29. Bb4 a5 30. Bc5 a4 31. Nd3 Kg7 32. Kf1 Kg6 33. g4 f5 34.
exf6 Kxf6 35. Bf8 Kg6 36. Ne5+ Kh7 37. Nxc4 Nf6 38. h3 Nd7 39. Bd6 Kg6 40. f4
gxf4 41. Bxf4 h5 42. g5 Kf5 43. Be3 Ke4 44. h4 Kd3 45. Ne5+ Nxe5 46. dxe5 Kxe3
47. g6 {Black resigns} 1-0